 Dungeon Crawl Stone Soup version 0.26.0-10-g1f06aea511 (webtiles) character file.

Game seed: 12720646521415383731

254398 Arthanis the Pyromancer (level 19, -13/96 HPs)
             Began as a Deep Elf Fire Elementalist on Jan 20, 2021.
             Was the Champion of Vehumet.
             Hit by a silver javelin thrown by something (17 damage)
             ... on level 4 of the Shoals.
             The game lasted 01:56:50 (47002 turns).

Arthanis the Pyromancer (DEFE)                     Turns: 47002, Time: 01:56:51

Health: -13/96     AC:  8    Str:  5    XL:     19   Next: 40%
Magic:  14/46      EV: 18    Int: 35    God:    Vehumet [******]
Gold:   2210       SH:  5    Dex: 15    Spells: 0/60 levels left

rFire    + + .     SeeInvis .   B - staff of fire
rCold    + . .     Faith    .   C - +0 buckler
rNeg     . . .     Spirit   .   E - +3 robe of Clouds {+Thunder rCloud rElec}
rPois    .         Reflect  .   a - +2 hat
rElec    +         Harm     .   J - scarf {rC+ rF+}
rCorr    .         Rampage  .   k - +0 pair of gloves "Opnayrch" {Will+}
Will     ++...                  (no boots)
Stlth    ++........             V - amulet of magic regeneration
HPRegen  0.26/turn              L - ring of wizardry
MPRegen  0.55/turn              m - +6 ring of intelligence

@: no status effects
A: no striking features
}: 1/15 runes: gossamer
a: Renounce Religion, Evoke Thunderclouds


You were on level 4 of the Shoals.
You worshipped Vehumet.
Vehumet was exalted by your worship.
You visited 7 branches of the dungeon, and saw 35 of its levels.
You also visited: Ice Cave.

You collected 4098 gold pieces.
You spent 1888 gold pieces at shops.

Inventory:

Hand Weapons
 R - a +9 trident of venom
Armour
 a - a +2 hat (worn)
 k - the +0 pair of gloves "Opnayrch" (worn) {Will+}
   (You found it in an ice cave)

   It affects your willpower, your defense against some magical effects.
 v - a +2 robe of fire resistance
 C - a +0 buckler (worn)
 E - the +3 robe of Clouds (worn) {+Thunder rCloud rElec}
   (You found it on level 12 of the Dungeon)

   It insulates you from electricity.
 G - the +2 pair of gloves of Tavvucve {Rampage rN+ rCorr Int-2}
   (You found it in an ice cave)

   It affects your intelligence (-2).
   It protects you from negative energy.
   It provides partial protection from all sources of acid and corrosion.
   It bestows one free step when moving towards enemies.
 J - a scarf of resistance (worn)
 N - a scarf of invisibility
 S - a +2 pair of gloves
Magical Staves
 B - an uncursed staff of fire (weapon)
 K - an uncursed staff of cold
Jewellery
 b - an uncursed ring of ice
 e - an uncursed amulet of reflection
 g - the ring "Qoirotuw" {rN+ Will++ Str+4 Dex+6}
   (You took it off a deep elf mage on level 3 of the Elven Halls)

   [ring of dexterity]

   It affects your strength (+4).
   It affects your dexterity (+6).
   It protects you from negative energy.
   It affects your willpower, your defense against some magical effects.
 m - a +6 ring of intelligence (right hand)
 n - an uncursed ring of see invisible
 L - a ring of wizardry (left hand)
 O - the ring of Jilauvys {rElec rPois Dex+2 Stlth+}
   (You found it on level 6 of the Lair of Beasts)

   [ring of stealth]

   It affects your dexterity (+2).
   It insulates you from electricity.
   It protects you from poison.
   It makes you more stealthy.
 T - an uncursed ring of protection from fire
 V - an amulet of magic regeneration (around neck)
Wands
 l - a wand of paralysis (16)
 A - a wand of flame (44)
 P - a wand of digging (9)
Scrolls
 f - 3 scrolls of magic mapping
 h - 9 scrolls of fog
 i - 11 scrolls of teleportation
 q - 8 scrolls of fear
 r - 9 scrolls of amnesia
 w - 4 scrolls of enchant armour
 y - 2 scrolls of holy word
 F - 4 scrolls of immolation
 U - 14 scrolls of remove curse
Potions
 c - 4 potions of might
 d - 2 potions of ambrosia
 j - 2 potions of haste
 o - 7 potions of heal wounds
 p - 2 potions of resistance
 s - a potion of magic
 t - 3 potions of invisibility
 u - 7 potions of lignification
 x - 5 potions of flight
 z - 5 potions of curing
 D - 3 potions of brilliance
 X - 2 potions of mutation
 Z - 2 potions of cancellation
Miscellaneous
 M - a lightning rod (4/4)
 Q - a box of beasts


   Skills:
 + Level 3.5 Fighting
 - Level 2.0 Armour
 + Level 9.1 Dodging
 - Level 3.0 Stealth
 - Level 4.0 Shields
 + Level 21.4 Spellcasting
 + Level 18.5 Conjurations
 * Level 21.9 Fire Magic
 - Level 4.1 Earth Magic
 - Level 10.1 Evocations


You couldn't memorise any spells.
You knew the following spells:

 Your Spells              Type           Power        Failure   Level
a - Foxfire               Conj/Fire      100%         0%          1
b - Conjure Flame         Conj/Fire      100%         0%          3
c - Sticky Flame          Conj/Fire      100%         0%          4
d - Fireball              Conj/Fire      66%          0%          5
e - Shock                 Conj/Air       100%         0%          1
f - Lee's Rapid Deconstr  Erth           30%          1%          5
g - Bolt of Magma         Conj/Fire/Erth 59%          1%          5
h - Iron Shot             Conj/Erth      43%          1%          6
i - Starburst             Conj/Fire      66%          1%          6
j - Ignition              Fire           68%          1%          8
k - Orb of Destruction    Conj           52%          1%          7
l - Fire Storm            Conj/Fire      66%          2%          9

Your spell library contained the following spells:

 Spells                   Type           Power        Failure   Level
 Lehudib's Crystal Spear  Conj/Erth      43%          5%          8
 Chain Lightning          Conj/Air       40%          13%         8
 Animate Skeleton         Necr           74%          1%          1
 Corona                   Hex            41%          1%          1
 Freeze                   Ice            100%         1%          1
 Pain                     Necr           100%         1%          1
 Ensorcelled Hibernation  Hex/Ice        74%          1%          2
 Poisonous Vapours        Pois/Air       74%          1%          2
 Slow                     Hex            37%          1%          2
 Confusing Touch          Hex            37%          1%          3
 Dazzling Flash           Conj/Hex       100%         1%          3
 Frozen Ramparts          Ice            74%          1%          3
 Ignite Poison            Fire/Tmut/Pois 93%          1%          3
 Inner Flame              Hex/Fire       100%         1%          3
 Mephitic Cloud           Conj/Pois/Air  69%          1%          3
 Ozocubu's Armour         Ice            37%          1%          3
 Portal Projectile        Hex/Tloc       74%          1%          3
 Static Discharge         Conj/Air       80%          1%          3
 Tukima's Dance           Hex            37%          1%          3
 Vampiric Draining        Necr           18%          1%          3
 Hailstorm                Conj/Ice       80%          1%          4
 Leda's Liquefaction      Hex/Erth       25%          1%          4
 Lightning Bolt           Conj/Air       40%          1%          5
 Freezing Cloud           Conj/Ice/Air   34%          1%          6
 Yara's Violent Unravell  Hex/Tmut       18%          2%          5
 Animate Dead             Necr           18%          3%          4
 Cause Fear               Hex            18%          3%          4
 Summon Ice Beast         Ice/Summ       37%          3%          4
 Borgnjor's Vile Clutch   Necr/Erth      25%          4%          5
 Agony                    Necr           37%          9%          5
 Silence                  Hex/Air        18%          9%          5
 Death Channel            Necr           18%          41%         6
 Simulacrum               Ice/Necr       18%          41%         6
 Discord                  Hex            18%          100%        8
 Shatter                  Erth           30%          100%        9
 Tornado                  Air            18%          100%        9


Dungeon Overview and Level Annotations

Branches:
Dungeon (15/15)            Temple (1/1) D:4            Lair (6/6) D:9
 Shoals (4/4) Lair:2       Spider (4/4) Lair:3        Slime (0/5) Lair:6
    Orc (2/2) D:12            Elf (3/3) Orc:2        Vaults (0/5) D:13
 Depths (0/5) D:15          IceCv (visited)

Altars:
Ashenzari
Cheibriados
Dithmenos
Elyvilon
Fedhas
Gozag
Hepliaklqana
Kikubaaqudgha
Makhleb
Nemelex Xobeh
Okawaru
Qazlal
Ru
Sif Muna
Trog
Uskayaw
Vehumet
Wu Jian
Xom
Yredelemnul
Zin
The Shining One
Beogh

Shops:
D:8 *   D:9 (   D:10 *   D:12 [   Orc:2 =[(*   Elf:2 (

Portals:
Hell: Lair:6

Annotations:
D:11 exclusion: obsidian statue
Lair:3 exclusion: 4 oklob plants
Lair:6 3 runed translucent doors, ggurman's ghost, journeyman PaFi
Shoals:3 1 transporter, exclusion: orange crystal statue
Shoals:4 Roxanne
Orc:1 2 transporters, dohliylev's ghost, journeyman MiBe
Elf:3 exclusion: obsidian statue


Message History

Casting: Fire Storm (dangerous; 2% risk of failure)
Confirm with . or Enter, or press ? or * to list all spells.
Aiming: Fire Storm (dangerous; 2% risk of failure)
Press: ? - help, Dir - move target You feel a surge of power!
A raging storm of fire appears!
The great blast of fire engulfs the plant!!!!
The plant is severely damaged.
The great blast of fire engulfs Roxanne!!
Roxanne partially resists.
Roxanne is almost destroyed.
The plant is engulfed in blazing flames.
The plant is engulfed in a cloud of scalding steam.
A nearby plant withers and dies.
A sea snake comes into view.
The sea snake is engulfed in a cloud of scalding steam.
A silver javelin appears from out of thin air!
The silver javelin pierces through your fire vortex!!
Your fire vortex dissipates!
The silver javelin pierces through you!
You die...

≈≈,,^,,,,,,,,,,≈≈≈≈≈≈≈≈(≈≈####≈≈≈
≈≈,,,,,,,§§≈,PPP≈≈≈≈≈≈(≈≈≈≈≈≈≈≈≈≈
≈≈,,,,,,*#.)##P§§≈≈≈≈≈≈≈≈≈≈≈≈≈≈≈≈
≈≈,,,,,**.)mv○○○○≈≈≈≈v##'##≈≈≈≈≈≈
≈≈,,,,,,,P..v○vv○v.≈≈##..≈##≈≈≈≈≈
≈≈,,,,,,,...vvvv☼...≈#.....#≈≈≈≈≈
≈≈,,,,,,,..v°v○8○...≈#.....#≈.≈≈.
≈≈,,,,,,,v{.(☼v..v..≈#.....#≈....
≈≈,,,*,,,.v°....@(..≈#.....#≈,,,,
≈,,,,,,,,≈...°..v...≈##...##≈,,,,
≈,,,,,,**≈.v°v°v...§≈§#####≈≈,,,,
**,,,,,,,§S.(......§§§E≈≈≈≈≈≈≈,**
,**,,,,,,§c§v........§§c≈≈≈≈≈≈,,,
,,,,,,,,,§§§.v....≈.≈§§§.,≈≈≈≈,,,
,,,,,,,,*#.......≈≈.≈≈≈≈.,,,,,,,,
,,,,,,,,,##≈......≈.≈≈≈.≈,,,,,,,,
,,**,,,,,,≈≈,,,,,,≈≈≈≈≈≈,,,,,,,,,


You could see Roxanne, a merfolk impaler, a sea snake, a faun, a water elemental
and 22 friendly fire vortices.

Vanquished Creatures
  Arachne (Spider:4)
  An Ice Fiend (IceCv)
  Jorgrun (D:15)
  A deep elf master archer (Elf:3)
  Gastronok (D:12)
  3 deep elf blademasters (Elf:3)
  Donald (Shoals:1)
  Agnes (D:15)
  5 deep elf sorcerers (Elf:3)
  Aizul (Spider:2)
  2 emperor scorpions (Spider:4)
  An orc warlord (Orc:2)
  5 ghost moths (Spider:4)
  11 deep elf elementalists
  8 deep elf demonologists (Elf:3)
  Nessos (Lair:4)
  11 deep elf annihilators (Elf:3)
  4 entropy weavers
  2 spark wasps (Spider:4)
  Snorg (D:13)
  6 deep elf death magi
  A yaktaur captain (D:15)
  A merfolk impaler (Shoals:3)
  6 deep elf high priests
  8 vault guards (D:13)
  2 boulder beetles
  17 hydras
  2 catoblepae
  3 alligator snapping turtles
  4 merfolk aquamancers
  2 satyrs (Shoals:3)
  3 merfolk avatars
  4 two-headed ogres
  2 centaur warriors
  7 dancing weapons
  4 orc high priests
  10 deep elf knights
  A sun demon (Lair:6)
  10 skeletal warriors
  Nergalle (Lair:4)
  9 sea snakes
  A death drake (shapeshifter) (D:14)
  A swamp dragon (shapeshifter) (D:15)
  An unseen horror (D:13)
  11 deep elf archers
  2 wizards
  16 harpies
  A lindwurm (Lair:6)
  3 orc sorcerers
  18 orb spiders
  34 wolf spiders
  7 orc knights
  11 fauns
  20 ugly things
  35 deep elf magi
  8 manticores
  3 cyclopes
  3 moths of wrath
  6 elephants
  5 merfolk sirens
  An eye of devastation (Lair:6)
  3 black mambas
  2 ice statues
  4 water nymphs
  4 molten gargoyles
  3 orange demons (Lair:6)
  2 torpor snails
  4 centaur skeletons
  4 rime drakes
  14 cane toads
  3 kobold demonologists (D:13)
  An efreet (D:15)
  4 freezing wraiths (IceCv)
  A yaktaur (D:15)
  12 komodo dragons
  3 anaconda simulacra (IceCv)
  2 tengu conjurers (D:15)
  6 ice devils
  A hellwing (Lair:6)
  A jumping spider (shapeshifter) (D:13)
  13 demonic crawlers
  19 merfolk
  2 red devils (Lair:6)
  2 polar bears
  23 jumping spiders
  A golden dragon simulacrum (IceCv)
  A troll (D:11)
  5 hornets
  2 wind drakes (Shoals:2)
  A meliai zombie (D:15)
  20 blink frogs
  4 snapping turtles
  42 redbacks
  2 centaur simulacra
  A shadow (D:12)
  13 water elementals
  3 air elementals
  17 tarantellas
  6 wyverns
  51 yaks
  2 wraiths
  8 basilisks
  Grum (D:8)
  2 fire elementals
  2 steam dragons
  2 death yak simulacra (IceCv)
  3 iron troll simulacra (IceCv)
  5 wargs
  2 harpy simulacra (IceCv)
  5 hydra simulacra (IceCv)
  A soldier ant (D:15)
  13 water moccasins
  4 hell hounds
  6 ice beasts
  6 sky beasts
  4 eyes of draining
  33 orc warriors
  A necrophage (D:9)
  18 ogres
  An ettin simulacrum (IceCv)
  A phantom (D:4)
  15 wolves
  10 centaurs
  A big kobold (D:13)
  26 bullfrogs
  A bullfrog (shapeshifter) (D:15)
  An earth elemental (Elf:2)
  A wyvern skeleton (D:8)
  5 scorpions
  19 killer bees
  4 electric eels
  3 howler monkeys (D:7)
  7 wights
  A lava snake (Elf:2)
  2 bullfrog zombies
  A draconian simulacrum (IceCv)
  3 jellies
  2 quasits
  A centaur zombie (D:10)
  6 hounds
  13 orc priests
  25 orc wizards
  A bullfrog skeleton (D:9)
  Jessica (D:3)
  5 iguanas
  Terence (D:2)
  4 hell rats (Lair:5)
  5 worker ants
  3 troll simulacra (IceCv)
  3 wolf simulacra (IceCv)
  A hound zombie (D:6)
  A hound skeleton (D:5)
  2 worker ant zombies
  4 gnolls (D:7)
  8 adders
  A naga simulacrum (IceCv)
  2 ogre simulacra (IceCv)
  A shadow imp (D:5)
  5 white imps
  9 ufetubi
  An ooze (D:2)
  An adder zombie (D:7)
  An adder skeleton (D:4)
  3 worms
  4 dart slugs
  6 leopard geckos
  76 orcs
  4 giant cockroaches
  2 gnoll zombies (D:5)
  8 goblins
  5 hobgoblins
  11 jackals
  11 kobolds
  7 quokkas
  A ball python (D:1)
  8 bats
  6 frilled lizards
  A jackal skeleton (D:5)
  2 leopard gecko skeletons (D:9)
  2 quokka skeletons
  4 rats
  3 crawling corpses (Elf:1)
1145 creatures vanquished.

Vanquished Creatures (collateral kills)
  A spark wasp (Spider:4)
  A sea snake (Shoals:3)
  9 foxfires
11 creatures vanquished.

Vanquished Creatures (others)
  A dancing weapon (Elf:2)
  2 white imps (IceCv)
  An ufetubus (IceCv)
  3 fire vortices (Shoals:4)
  1753 foxfires
  57 fungi
  202 plants
2019 creatures vanquished.

Grand Total: 3175 creatures vanquished

Notes
Turn   | Place    | Note
-------+----------+-------------------------------------------
     0 | D:1      | Arthanis the Deep Elf Fire Elementalist began the quest for
                  | the Orb.
     0 | D:1      | Reached XP level 1. HP: 10/10 MP: 6/6
   402 | D:1      | Reached XP level 2. HP: 15/15 MP: 4/8
  1091 | D:2      | Found a burning altar of Makhleb.
  1101 | D:2      | Reached XP level 3. HP: 19/19 MP: 2/10
  1105 | D:2      | Learned a level 3 spell: Conjure Flame
  1183 | D:2      | Found a snail-covered altar of Cheibriados.
  1469 | D:2      | Reached XP level 4. HP: 24/24 MP: 2/11
  1474 | D:2      | Learned a level 4 spell: Sticky Flame
  1687 | D:2      | Noticed Terence
  1698 | D:2      | Killed Terence
  2968 | D:3      | Found a shimmering blue altar of Sif Muna.
  3088 | D:3      | Reached skill level 5 in Fire Magic
  3295 | D:3      | Found a sparkling altar of Nemelex Xobeh.
  3295 | D:3      | Found a hazy altar of Hepliaklqana.
  3295 | D:3      | Found a hide-covered altar of Uskayaw.
  3313 | D:3      | Reached XP level 5. HP: 28/28 MP: 9/13
  3445 | D:3      | Noticed Jessica
  3448 | D:3      | Killed Jessica
  3667 | D:3      | Found a stormy altar of Qazlal.
  3969 | D:4      | Reached XP level 6. HP: 32/32 MP: 9/15
  3975 | D:4      | Learned a level 5 spell: Fireball
  4147 | D:4      | Reached skill level 5 in Spellcasting
  4494 | D:4      | Reached XP level 7. HP: 36/36 MP: 12/17
  4602 | D:4      | Found a staircase to the Ecumenical Temple.
  4610 | Temple   | Entered the Ecumenical Temple
  4851 | D:5      | Entered Level 5 of the Dungeon
  5121 | D:4      | Found a roughly hewn altar of Beogh.
  5989 | D:5      | Found a basalt altar of Yredelemnul.
  6408 | D:5      | Found a radiant altar of Vehumet.
  6493 | D:5      | Became a worshipper of Vehumet
  6778 | D:5      | Reached skill level 5 in Conjurations
  6962 | D:6      | Reached XP level 8. HP: 41/41 MP: 18/20
  7952 | D:6      | Found a radiant altar of Vehumet.
  8078 | D:6      | Reached * piety under Vehumet
  8078 | D:6      | Offered knowledge of Shock by Vehumet.
  8091 | D:6      | Learned a level 1 spell: Shock
  8636 | D:6      | Found a bloodstained altar of Trog.
  9160 | D:6      | Reached XP level 9. HP: 45/45 MP: 18/23
  9548 | D:7      | Reached skill level 1 in Evocations
  9618 | D:6      | Reached skill level 10 in Fire Magic
  9715 | D:7      | Got a blackened rapier
  9740 | D:7      | Offered knowledge of Sandblast by Vehumet.
  9867 | D:7      | Reached ** piety under Vehumet
  9868 | D:7      | Reached skill level 1 in Fighting
  9884 | D:7      | Identified the cursed +1 rapier of Rojain {flame, Str+2
                  | Dex+6} (You found it on level 7 of the Dungeon)
 10848 | D:8      | Found a shimmering altar of Xom.
 10922 | D:8      | Noticed Grum
 10938 | D:8      | Killed Grum
 10941 | D:8      | Offered knowledge of Searing Ray by Vehumet.
 11260 | D:8      | Reached XP level 10. HP: 53/53 MP: 20/25
 11284 | D:8      | Noticed a two-headed ogre
 11287 | D:8      | Killed a two-headed ogre
 11693 | D:8      | Reached *** piety under Vehumet
 11958 | D:8      | Found Voyfudokk's Assorted Antiques.
 11962 | D:8      | Bought a potion of curing for 75 gold pieces
 11962 | D:8      | Bought a potion of curing for 75 gold pieces
 11962 | D:8      | Bought a scroll labelled WOXOIT GIMP for 25 gold pieces
 11962 | D:8      | Bought a scroll labelled GUCZAU TOBLUO for 25 gold pieces
 11962 | D:8      | Bought 3 scrolls of fog for 150 gold pieces
 11962 | D:8      | Bought a silvery potion for 22 gold pieces
 12248 | D:9      | Found Muapriuq's Antique Weapon Boutique.
 12506 | D:9      | Reached skill level 10 in Spellcasting
 12679 | D:9      | Noticed a two-headed ogre
 12683 | D:9      | Killed a two-headed ogre
 12827 | D:9      | Offered knowledge of Ignite Poison by Vehumet.
 12897 | D:9      | Found a staircase to the Lair.
 13074 | D:9      | Noticed a fire dragon
 13146 | D:10     | Entered Level 10 of the Dungeon
 13365 | D:10     | Reached skill level 5 in Dodging
 13478 | D:10     | Reached XP level 11. HP: 57/57 MP: 17/27
 13656 | D:10     | Reached **** piety under Vehumet
 13761 | D:10     | Found Kucwani's General Store.
 13769 | D:10     | Bought a scroll of identify for 26 gold pieces
 13769 | D:10     | Bought a scroll of holy word for 97 gold pieces
 14212 | D:11     | Found a hide-covered altar of Uskayaw.
 14224 | D:11     | Offered knowledge of Static Discharge by Vehumet.
 14425 | D:11     | Noticed a seven-headed hydra
 14429 | D:11     | Killed a seven-headed hydra
 14562 | D:11     | Found Kuext's Jewellery Emporium.
 14589 | D:11     | Noticed an obsidian statue
 16075 | D:12     | Found the +3 robe of Clouds {+Thunder rCloud rElec}
 16102 | D:12     | Noticed a brown ugly thing
 16109 | D:12     | Killed a brown ugly thing
 16216 | D:12     | Found a staircase to the Orcish Mines.
 16403 | D:12     | Found Alugeim's Armour Emporium.
 16478 | D:12     | Reached ***** piety under Vehumet
 16806 | D:12     | Noticed Gastronok
 16963 | D:12     | Reached skill level 10 in Conjurations
 17029 | D:12     | Reached skill level 5 in Evocations
 17380 | D:12     | Reached XP level 12. HP: 49/62 MP: 12/30
 17380 | D:12     | Offered knowledge of Lee's Rapid Deconstruction by Vehumet.
 17595 | D:12     | Killed Gastronok
 17817 | D:13     | Found a gate to the Vaults.
 17817 | D:13     | Noticed a vault guard
 17817 | D:13     | Noticed a vault guard
 17817 | D:13     | Noticed a vault guard
 17817 | D:13     | Noticed a vault guard
 17817 | D:13     | Noticed a vault guard
 17817 | D:13     | Noticed a vault guard
 17830 | D:13     | Killed a vault guard
 17831 | D:13     | Killed a vault guard
 17833 | D:13     | Noticed a vault guard
 17834 | D:13     | Killed a vault guard
 17840 | D:13     | Noticed Snorg
 18081 | D:13     | Killed Snorg
 18216 | D:13     | Killed a vault guard
 18359 | D:13     | Noticed a two-headed ogre
 18362 | D:13     | Killed a two-headed ogre
 18524 | D:13     | Killed a vault guard
 18526 | D:13     | Killed a vault guard
 18527 | D:13     | Reached skill level 15 in Fire Magic
 18688 | D:13     | Noticed a vault guard
 18691 | D:13     | Killed a vault guard
 18982 | D:13     | Killed a vault guard
 19852 | D:14     | Reached XP level 13. HP: 51/66 MP: 26/32
 20355 | Lair:1   | Entered Level 1 of the Lair of Beasts
 20431 | Orc:1    | Entered Level 1 of the Orcish Mines
 21202 | Orc:1    | Found a transporter.
 21205 | Orc:1    | Noticed dohliylev's ghost (journeyman MiBe)
 21218 | Orc:1    | Found a transporter.
 21519 | Orc:2    | Entered Level 2 of the Orcish Mines
 21533 | Orc:2    | Paralysed by an orc sorcerer for 2 turns
 22952 | Orc:2    | Found Veel's Jewellery Shop.
 22963 | Orc:2    | Noticed an orc warlord
 22966 | Orc:2    | HP: 1/66 [orc warlord/bolt (40)]
 22967 | Orc:2    | Killed an orc warlord
 23309 | Orc:2    | Found a staircase to the Elven Halls.
 23398 | Orc:2    | Found Itiatut's Antique Armour Shoppe.
 23564 | Orc:2    | Found Heunan's General Store.
 23829 | Orc:2    | Found Caco's Antique Weapon Boutique.
 23965 | Orc:2    | Bought an embroidered scarf for 216 gold pieces
 23991 | Orc:2    | Bought an uncursed ring of see invisible for 165 gold
                  | pieces
 23991 | Orc:2    | Bought an uncursed amulet of regeneration for 330 gold
                  | pieces
 23991 | Orc:2    | Bought an uncursed ring of wizardry for 330 gold pieces
 24193 | Orc:2    | Bought an uncursed amulet of magic regeneration for 330
                  | gold pieces
 24193 | Orc:2    | Bought a cursed amulet of inaccuracy for 22 gold pieces
 24452 | Lair:1   | Learned a level 5 spell: Lee's Rapid Deconstruction
 24984 | Lair:1   | Got an ancient ruby amulet
 25726 | Lair:2   | Reached skill level 10 in Evocations
 25855 | Lair:2   | Offered knowledge of Freezing Cloud by Vehumet.
 25856 | Lair:2   | Reached XP level 14. HP: 72/72 MP: 13/34
 26223 | Lair:2   | Found a staircase to the Shoals.
 26397 | Lair:2   | Identified the amulet "Saqeo" {Faith Int+3} (You found it
                  | on level 1 of the Lair of Beasts)
 27029 | Lair:3   | Got a dazzling whip
 27304 | Lair:3   | Found a hole to the Spider Nest.
 27658 | Lair:4   | Noticed Nessos
 27662 | Lair:4   | Killed Nessos
 27724 | Lair:4   | Noticed Nergalle
 27727 | Lair:4   | Killed Nergalle
 27919 | Lair:4   | Got a creamy pearl robe
 28063 | Lair:4   | Identified the +7 whip of Toud {flame, rF+ Dex+4} (You
                  | found it on level 3 of the Lair of Beasts)
 28078 | Lair:4   | Reached skill level 15 in Spellcasting
 28737 | Lair:5   | Reached skill level 1 in Earth Magic
 29067 | Lair:5   | Offered knowledge of Irradiate by Vehumet.
 29568 | Lair:5   | You fall into a shaft and drop 1 floor!
 29568 | Lair:6   | Entered Level 6 of the Lair of Beasts
 30194 | Lair:5   | Identified the +4 robe of Ogookkal {*Drain Regen+ Str+4}
                  | (You found it on level 4 of the Lair of Beasts)
 30608 | Lair:6   | Reached XP level 15. HP: 76/76 MP: 22/37
 30845 | Lair:6   | Found a runed translucent gate.
 30845 | Lair:6   | Found a runed translucent gate.
 30845 | Lair:6   | Found a runed translucent gate.
 30845 | Lair:6   | Noticed ggurman's ghost (journeyman PaFi)
 30896 | Lair:6   | Found a staircase to the Slime Pits.
 31014 | Lair:6   | Got a warped amber ring
 32057 | D:14     | Identified the ring of Jilauvys {rElec rPois Dex+2 Stlth+}
                  | (You found it on level 6 of the Lair of Beasts)
 32658 | D:15     | Entered Level 15 of the Dungeon
 32704 | D:15     | Noticed Jorgrun
 33394 | D:15     | Killed Jorgrun
 33620 | D:15     | Noticed Agnes
 33625 | D:15     | Killed Agnes
 33847 | D:15     | Offered knowledge of Bolt of Magma by Vehumet.
 33854 | D:15     | Learned a level 5 spell: Bolt of Magma
 34576 | D:15     | Found a staircase to the Depths.
 35130 | Lair:6   | Reached skill level 15 in Conjurations
 35262 | Lair:6   | Found a burning altar of Makhleb.
 35268 | Lair:6   | Found a gateway to Hell.
 35589 | Elf:1    | Entered Level 1 of the Elven Halls
 35753 | Elf:1    | Reached XP level 16. HP: 80/80 MP: 29/39
 37981 | Elf:2    | Found a huge runed translucent gate.
 37981 | Elf:2    | Found a huge runed translucent gate.
 37981 | Elf:2    | Found a huge runed translucent gate.
 37981 | Elf:2    | Found a huge runed translucent gate.
 37981 | Elf:2    | Found a huge runed translucent gate.
 38474 | Elf:2    | Found Laptoeqewn's Weapon Shoppe.
 38845 | Elf:3    | Entered Level 3 of the Elven Halls
 38926 | Elf:3    | Found a shimmering blue altar of Sif Muna.
 39059 | Elf:3    | Identified the +7 battleaxe "Xoss" {freeze, rN+ Dex+2}
 39368 | Elf:3    | Offered knowledge of Iron Shot by Vehumet.
 39376 | Elf:3    | Learned a level 6 spell: Iron Shot
 39489 | Elf:3    | Identified the +7 spear "Facaadwu" {protect, Fragile Will++
                  | Int+5}
 39489 | Elf:3    | Identified the ring "Punon" {rN+ EV+4}
 39976 | Elf:3    | Noticed a deep elf blademaster
 39978 | Elf:3    | Killed a deep elf blademaster
 40043 | Elf:3    | Noticed a deep elf master archer
 40044 | Elf:3    | Killed a deep elf master archer
 40099 | Elf:3    | Noticed a deep elf blademaster
 40104 | Elf:3    | Killed a deep elf blademaster
 40105 | Elf:3    | Reached XP level 17. HP: 84/84 MP: 24/42
 40672 | Elf:3    | Noticed a deep elf blademaster
 40680 | Elf:3    | Killed a deep elf blademaster
 40776 | Elf:3    | Identified the ring "Qoirotuw" {rN+ Will++ Str+4 Dex+6}
 41331 | Elf:3    | Reached skill level 1 in Shields
 41594 | Elf:3    | Learned a level 6 spell: Starburst
 41603 | Elf:3    | Learned a level 8 spell: Ignition
 42250 | Spider:1 | Entered Level 1 of the Spider Nest
 42273 | Spider:1 | Reached ****** piety under Vehumet
 42389 | Spider:1 | Offered knowledge of Orb of Destruction by Vehumet.
 42398 | Spider:1 | Learned a level 7 spell: Orb of Destruction
 43417 | Spider:1 | Reached XP level 18. HP: 89/89 MP: 32/44
 43567 | Spider:2 | Noticed Aizul
 43577 | Spider:2 | Killed Aizul
 43821 | Spider:3 | Offered knowledge of Conjure Ball Lightning by Vehumet.
 44223 | Spider:4 | Entered Level 4 of the Spider Nest
 44503 | Spider:4 | Noticed Arachne
 44776 | Spider:4 | Killed Arachne
 45141 | Spider:4 | Got a gossamer rune of Zot
 45326 | Shoals:1 | Entered Level 1 of the Shoals
 45332 | Shoals:1 | Noticed Donald
 45340 | Shoals:1 | Killed Donald
 45835 | Shoals:3 | Reached skill level 1 in Armour
 45986 | Shoals:3 | Found a transporter.
 45993 | Shoals:3 | Reached XP level 19. HP: 95/95 MP: 44/46
 46303 | Shoals:4 | Entered Level 4 of the Shoals
 46421 | Shoals:4 | Found a frozen archway.
 46435 | IceCv    | Entered an ice cave
 46919 | IceCv    | Offered knowledge of Lehudib's Crystal Spear by Vehumet.
 46919 | IceCv    | Offered knowledge of Fire Storm by Vehumet.
 46919 | IceCv    | Offered knowledge of Chain Lightning by Vehumet.
 46933 | IceCv    | Learned a level 9 spell: Fire Storm
 46946 | IceCv    | Identified the +2 pair of gloves of Tavvucve {Rampage rN+
                  | rCorr Int-2} (You found it in an ice cave)
 46951 | IceCv    | Got a pair of faintly humming gloves
 46964 | IceCv    | Identified the +0 pair of gloves "Opnayrch" {Will+} (You
                  | found it in an ice cave)
 46995 | Shoals:4 | Noticed Roxanne
 47001 | Shoals:4 | HP: 4/96 [something (4)]
 47002 | Shoals:4 | Hit by a silver javelin thrown by something

Illustrated notes

Levels and vault maps discovered:
D:1:      minmay_arrival_hallway, layout_basic, minivault_26
D:2:      layout_basic, makhleb_heckhound_becter, kennysheep_slug_shrine,
          uniq_terence
D:3:      layout_rooms, old_standard_altar, nicolae_qazlal_general_emergency,
          gammafunk_temple_overflow_forgotten, grunt_ministairs_14, uniq_jessica
D:4:      layout_cave_pods, minmay_temple_entry_overgrown, nrook_mini_vaults,
          kennysheep_orc_chapel
D:5:      layout_basic, lemuel_zombie_altar_yredelemnul,
          overflow_temple_1_default
D:6:      layout_basic, trog_eyes_of_draining, basic_altar
D:7:      layout_basic
D:8:      layout_basic, basic_altar, serial_shops, nicolae_shop_stone, uniq_grum
D:9:      layout_big_octagon, minmay_lair_entry_lava, serial_shops,
          nicolae_shop_stone, serial_park_tiny_1, grunt_ogre_cave
D:10:     layout_loops_ring, serial_shops, shop
D:11:     minmay_ornate_pinched, layout_loops_corners, basic_altar,
          serial_shops, shop, grunt_ministairs_8, minmay_statue_bubble
D:12:     layout_gridville, orc_0_dummy, serial_shops, nicolae_shop_trees,
          kennysheep_boxes, uniq_gastronok
D:13:     layout_layer_cave, erik_vaults_2, uniq_snorg
D:14:     layout_basic, kennysheep_generic_room_4
D:15:     grunt_enter_depths_snipers, layout_basic,
          chequers_serial_rivers_large_a, uniq_agnes, uniq_jorgrun
Temple:   oiseaux_autumnal_temple
Lair:1:   layout_layer_cave, gauntlet_entry_generic,
          lightli_volcano_entry_magma_tube, beast_lair_carwin_1,
          serial_bayou_shore_a
Lair:2:   layout_gridlike, elwin_shoals_entry_rocks,
          grunt_forest_small_clearings, grunt_megastairs_5
Lair:3:   layout_hall_layers, nicolae_spider_entry_orb_guardian,
          lemuel_fruit_tree, minmay_lair_oklob_chamber
Lair:4:   layout_long_grid, serial_bayou_pond_e,
          eino_small_chamber_without_monster, chequers_serial_rivers_micro_c,
          chequers_serial_rivers_micro_c, uniq_nessos, uniq_nergalle
Lair:5:   layout_long_grid, grunt_megastairs_4
Lair:6:   evil_forest, layout_regular_city, minmay_slime_entry_eyes,
          gammafunk_ghost_icy, serial_bayou_shore_b
Shoals:1: cheibrodos_shoals_oceanic_diplomacy, layout_shoals, uniq_donald
Shoals:2: layout_shoals
Shoals:3: gammafunk_sealed_arena, layout_shoals,
          nicolae_shoals_stone_sculpture_thing, ldierk_geyser
Shoals:4: shoals_end_grunt_garden, layout_shoals,
          portal_ice_cave_entry_ice_statue_one, nicolae_shoals_aquamancer_cove,
          uniq_polyphemus, uniq_roxanne
Spider:1: layout_spider_delve
Spider:2: layout_spider_delve, ebering_ghost_inner_flame,
          nicolae_spider_stair_cavern, hangedman_spider_tarantella_strand,
          uniq_aizul
Spider:3: layout_spider_delve
Spider:4: johnstein_spider_rune_arachne_lair
Orc:1:    layout_caves, gammafunk_ghost_berserking_beasts
Orc:2:    grunt_orc_gardens, layout_caves, grunt_orc_garden, grunt_orc_garden,
          grunt_orc_garden, grunt_orc_garden
Elf:1:    minmay_elf_arrival_plus, layout_gridlike, minmay_elf_crystal_heptagon
Elf:2:    layout_onion_city, serial_shops, shop_fountains, minivault_8
Elf:3:    minmay_elf_hall_hex, layout_onion_city, basic_altar,
          guppyfry_elf_altar

Skill      XL: |  1  2  3  4  5  6  7  8  9 10 11 12 13 14 15 16 17 18 19 |
---------------+----------------------------------------------------------+-----
Conjurations   | 2 3 4 5 6 7 8 10 11 12 13 15 16 17 18 | 18.5
Fire Magic     | 4 5 6 8 9 10 12 13 15 16 17 18 19 20 21 | 21.9
Spellcasting   | 4 5 6 8 9 10 12 13 14 16 17 19 20 21 | 21.4
Evocations     | 2 3 5 6 10 | 10.1
Dodging        | 4 5 6 7 8 9 |  9.1
Stealth        | 3 |  3.0
Fighting       | 2 3 |  3.5
Earth Magic    | 2 4 |  4.1
Shields        | 4 |  4.0
Armour         | 1 2 |  2.0

Action                   |  1- 3 |  4- 6 |  7- 9 | 10-12 | 13-15 | 16-18 | 19-21 || total
-------------------------+-------+-------+-------+-------+-------+-------+-------++-------
Melee: Dagger            |     2 |     3 |       |       |       |       |       ||     5
       Short sword       |       |       |     1 |       |       |       |       ||     1
       Falchion          |       |       |     1 |       |       |       |       ||     1
       Rapier            |       |       |     1 |    25 |    18 |       |       ||    44
       Trident           |       |       |       |     3 |       |       |       ||     3
       Glaive            |       |       |       |     2 |       |       |       ||     2
       Staff             |       |       |       |       |       |     6 |     2 ||     8
 Cast: Foxfire           |    81 |   178 |   382 |   281 |   134 |    24 |    14 ||  1094
       Sticky Flame      |       |       |     7 |    23 |    48 |    10 |     8 ||    96
       Shock             |       |       |    39 |    61 |    14 |       |       ||   114
       Fireball          |       |       |    18 |   119 |   470 |   385 |    76 ||  1068
       Conjure Flame     |       |       |     3 |    17 |     1 |       |       ||    21
       Bolt of Magma     |       |       |       |       |    24 |    42 |       ||    66
       Lee's Rapid Decon |       |       |       |       |    24 |    21 |       ||    45
       Ignition          |       |       |       |       |       |    42 |     9 ||    51
       Iron Shot         |       |       |       |       |       |    20 |       ||    20
       Orb of Destructio |       |       |       |       |       |    20 |     4 ||    24
       Starburst         |       |       |       |       |       |     1 |     2 ||     3
       Fire Storm        |       |       |       |       |       |       |     5 ||     5
Evoke: Wand              |       |       |       |     1 |     5 |    11 |       ||    17
       Lightning rod     |       |       |       |       |       |     3 |       ||     3
       Box of beasts     |       |       |       |       |       |     1 |       ||     1
  Use: Scroll            |       |       |    10 |     7 |    24 |    18 |     8 ||    67
       Potion            |       |       |       |       |       |     7 |     1 ||     8
 Stab: Sleeping          |       |       |     1 |       |       |       |       ||     1
       Distracted        |       |       |       |     1 |       |       |       ||     1
Armor: Robe              |     6 |     4 |    11 |     8 |    23 |    35 |     4 ||    91
Dodge: Dodged            |    19 |    13 |    38 |    65 |   147 |   129 |    36 ||   447
Block: Other             |       |       |       |    19 |     2 |     2 |       ||    23
       Reflection        |       |       |       |     2 |     1 |       |       ||     3
       Buckler           |       |       |       |       |       |    18 |    10 ||    28
       Rpst.: Falchion   |       |       |     6 |       |       |       |       ||     6
